 Dungeon Crawl Stone Soup version 0.32-a0-401-g0bcb2a7693 (webtiles) character file.

Game seed: 11687388693696415830

109 Asfel the Grave Robber (level 4, -3/30 HPs)
             Began as a Demonspawn Necromancer on Feb 20, 2024.
             Slain by Terence
             ... wielding a +0 trident
              (9 damage)
             ... on level 3 of the Dungeon.
             The game lasted 00:11:35 (2191 turns).

Asfel the Grave Robber (Demonspawn Necromancer)     Turns: 2191, Time: 00:11:36

Health: -3/30      AC:  2    Str:  8    XL:     4   Next: 59%
Magic:  1/8        EV: 12    Int: 18    God:
Gold:   68         SH:  0    Dex: 13    Spells: 1/9 levels left

rFire   . . .        (no weapon)
rCold   . . .        (no shield)
rNeg    . . .        a - +0 robe
rPois   .            (no helmet)
rElec   .            (no cloak)
rCorr   .            (no gloves)
SInv    .            (no boots)
Will    .....        (no amulet)
Stlth   ++           (no ring)
HPRegen 0.25/turn    (no ring)
MPRegen 0.11/turn

%: no passive effects
@: no status effects
A: spiny 1
a: no special abilities


You were on level 3 of the Dungeon.
You visited 1 branch of the dungeon, and saw 3 of its levels.

You collected 68 gold pieces.

Inventory:

Missiles
 c - a throwing net
Armour
 a - a +0 robe (worn)
Talismans
 e - a storm talisman
Scrolls
 d - a scroll of teleportation
 h - 2 scrolls of vulnerability
Potions
 b - a potion of magic
 f - 4 potions of degeneration
 g - a potion of attraction {unknown}


   Skills:
 + Level 1.8 Dodging
 + Level 1.8 Stealth
 + Level 3.0 Spellcasting
 + Level 6.0 Necromancy


You had one spell level left.
You knew the following spells:

 Your Spells              Type           Power      Damage    Failure   Level
a - Necrotise             Necr           96%        1d8       1%          1
b - Vampiric Draining     Necr           24%        2d7       4%          3
c - Animate Dead          Necr           24%        N/A       14%         4

Your spell library contained the following spells:

 Spells                   Type           Power      Damage    Failure   Level
 Curse of Agony           Necr           24%        N/A       36%         5


Dungeon Overview and Level Annotations

Branches:
Dungeon (3/15)

Altars:

Annotations:
D:3 Terence


Innate Abilities, Weirdness & Mutations

You are partially covered in sharp spines.


Message History

Aim: Terence, wielding a +0 trident and wearing a +1 scale mail of fire resistance (lightly wounded)
You draw life force from Terence!
You feel life coursing into your body. Terence hits you with a +0 trident.
Casting: Vampiric Draining (dangerous; 4% risk of failure)
Confirm with . or Enter, or press ? or * to list all spells.
You don't have enough magic to cast this spell.
Unknown command.
As you read the scroll labelled FAWKOTW BUUHOSHOY, it crumbles to dust.
It is a scroll of identify.
f - 4 potions of degeneration Terence hits you with a +0 trident.
Casting: Vampiric Draining (dangerous; 4% risk of failure)
Confirm with . or Enter, or press ? or * to list all spells.
You don't know that spell.
Casting: Vampiric Draining (dangerous; 4% risk of failure)
Confirm with . or Enter, or press ? or * to list all spells.
You don't have enough magic to cast this spell.
Casting: Vampiric Draining (dangerous; 4% risk of failure)
Confirm with . or Enter, or press ? or * to list all spells.
Aiming: Necrotise (safe; 1% risk of failure)
Press: ? - help, Shift-Dir - straight line, f/p - Terence
Aim: Terence, wielding a +0 trident and wearing a +1 scale mail of fire resistance (heavily wounded, chance to affect: 88%) Terence writhes in agony.
Terence hits you with a +0 trident.
Casting: Necrotise (safe; 1% risk of failure)
Confirm with . or Enter, or press ? or * to list all spells.
Aiming: Necrotise (safe; 1% risk of failure)
Press: ? - help, Shift-Dir - straight line, f/p - Terence
Aim: Terence, wielding a +0 trident and wearing a +1 scale mail of fire resistance (severely wounded, chance to affect: 88%) Terence writhes in agony.
Terence is struck by your spines. Terence barely misses you.
Casting: Necrotise (safe; 1% risk of failure)
Confirm with . or Enter, or press ? or * to list all spells.
You don't have enough magic to cast this spell.
Unknown command.
Terence hits you from afar with a +0 trident!
* * * LOW HITPOINT WARNING * * *
Terence misses you.
Terence hits you from afar with a +0 trident!
You die...
Terence says, "Time to find some more victims."

#.# #......... #.#
###......... #.#
#<..........
#.#####.#......... ###
#.##....#.........
....###.#..####.........
........@.## ##......>.
..........# ##.....##
####...@..# ######
########


You could see Terence.

Vanquished Creatures
  4 adders (D:2)
  3 dart slugs
  An orc (D:2)
  2 bats
  5 endoplasms
  A giant cockroach (D:3)
  6 goblins
  3 hobgoblins
  4 kobolds
  A quokka (D:1)
  4 ball pythons
  A frilled lizard (D:2)
  2 rats
37 creatures vanquished.

Vanquished Creatures (collateral kills)
  A hobgoblin (D:1)
1 creature vanquished.

Grand Total: 38 creatures vanquished

Notes
Turn   | Place    | Note
-------+----------+-------------------------------------------
     0 | D:1      | Asfel the Demonspawn Necromancer began the quest for the
                  | Orb.
     0 | D:1      | Reached XP level 1. HP: 13/13 MP: 3/3
   199 | D:1      | Gained mutation: You are partially covered in sharp spines.
                  | [demonic ancestry]
   199 | D:1      | Reached XP level 2. HP: 19/19 MP: 3/5
   250 | D:1      | Reached skill level 5 in Necromancy
   617 | D:1      | Reached XP level 3. HP: 24/24 MP: 6/6
  1523 | D:2      | Reached XP level 4. HP: 30/30 MP: 4/7
  1571 | D:2      | Reached skill level 6 in Necromancy
  1615 | D:2      | Learned a level 3 spell: Vampiric Draining
  1620 | D:2      | Learned a level 4 spell: Animate Dead
  2161 | D:3      | Noticed Terence
  2191 | D:3      | Slain by Terence

Illustrated notes

Levels and vault maps discovered:
D:1:      co_arrival_random_square_maze, layout_loops_ring,
          serial_park_tiny_pond, solitary_fountain, minmay_misc_feat_plants
D:2:      layout_basic, minmay_pentomino_p2
D:3:      layout_rooms, zin_angel, uniq_robin, uniq_terence, uniq_sigmund

Skill      XL: |  1  2  3  4 |
---------------+-------------+-----
Necromancy     | 5 6 |  6.0
Spellcasting   | 3 |  3.0
Dodging        | |  1.8
Stealth        | |  1.8

Action                     |  1- 3 |  4- 6 || total
---------------------------+-------+-------++-------
  Melee: Unarmed           |     3 |       ||     3
   Cast: Necrotise         |    46 |    19 ||    65
         Vampiric Draining |       |     2 ||     2
         Animate Dead      |       |     1 ||     1
    Use: Scroll            |     6 |     1 ||     7
 Armour: Robe              |     4 |     8 ||    12
  Dodge: Dodged            |     7 |     6 ||    13
         Form:             |     1 |       ||     1
         Storm             |     1 |       ||     1

Table legend: (Time is in decaauts)
 A = Elapsed time spent in this place.
 B = Non-inter-level travel time spent in this place.
 C = Inter-level travel time spent in this place.
 D = Time resting spent in this place.
 E = Time spent auto-exploring this place.
 F = Levels seen in this place.
 G = Mean time per level.
                   A        B        C        D        E       F      G
               +--------+--------+--------+--------+--------+-----+--------+
         Total |   2190 |   2130 |     60 |      0 |   1790 |   3 |  730.0 |
       Dungeon |   2190 |   2130 |     60 |      0 |   1790 |   3 |  730.0 |
               +--------+--------+--------+--------+--------+-----+--------+

Top non-repeatable levels by time:
     D:2: 1090 daAuts
     D:1: 1033 daAuts
     D:3: 66 daAuts
